 Dungeon Crawl Stone Soup version 0.26-a0-478-g6c97825307 (webtiles) character file.

Game seed: 3025535732401339402

83 Infinimo the Skirmisher (level 4, -8/50 HPs)
             Began as an Ogre Berserker on Aug 1, 2020.
             Was a Believer of Trog.
             Shot with an arrow by a centaur (14 damage)
             ... on level 3 of the Dungeon.
             The game lasted 00:02:49 (2256 turns).

Infinimo the Skirmisher (Ogre Berserker)            Turns: 2256, Time: 00:02:50

Health: -8/50      AC:  4    Str: 21    XL:     4   Next: 44%
Magic:  4/4        EV: 10    Int:  8    God:    Trog [**....]
Gold:   96         SH:  0    Dex:  9    Spells: 3/3 levels left

rFire    . . .     SeeInvis .   a - +0 mace
rCold    . . .     Faith    .   (no shield)
rNeg     . . .     Spirit   .   b - +1 animal skin
rPois    .         Reflect  .   (helmet restricted)
rElec    .         Harm     .   (no cloak)
rCorr    .                      (gloves unavailable)
MR       .....                  (boots unavailable)
Stlth    +.........             (no amulet)
HPRegen  0.16/turn              (no ring)
MPRegen  0.09/turn              (no ring)

@: confused, flying
A: large, unfitting armour, tough skin 1
a: Berserk, Trog's Hand, Renounce Religion


You were on level 3 of the Dungeon.
You worshipped Trog.
Trog was pleased with you.
You visited 1 branch of the dungeon, and saw 3 of its levels.

You collected 96 gold pieces.

Inventory:

Hand Weapons
 a - a +0 mace (weapon)
Armour
 b - a +1 animal skin (worn)
Scrolls
 g - 2 scrolls of identify


   Skills:
 + Level 5.0 Fighting
 * Level 4.1 Maces & Flails
 - Level 2.7 Dodging


You had 3 spell levels left.
You didn't know any spells.
Your spell library was empty.

Dungeon Overview and Level Annotations

Branches:
Dungeon (3/15)

Altars:

Annotations:
D:2 Sigmund


Innate Abilities, Weirdness & Mutations

You are too large for most types of armour.
You have tough skin. (AC +1)


Message History

The centaur is lightly wounded.
The centaur is moderately wounded.
The centaur hits you. x2
You are too injured to fight recklessly!
It was a potion of flight.
You feel very buoyant.
You fly up into the air.
The centaur hits you!
* * * LOW HITPOINT WARNING * * *
The centaur hits you.
* * * LOW HITPOINT WARNING * * *
You are confused.
You feel invigorated. The centaur hits you!
* * * LOW HITPOINT WARNING * * *
You bump into the rock wall.
The centaur hits you.
* * * LOW HITPOINT WARNING * * *
The centaur hits you.
* * * LOW HITPOINT WARNING * * *
The centaur wields a +2 vorpal shortbow.
The centaur shoots an arrow.
The arrow hits you!
You die...

#.########## .
#........@.###....
#######...(.$......
#.......####c###.#.
#.####### .# #.# .#
###.# .# #...# .#
#.#.# .#
####...###. .#


You could see a centaur.

Vanquished Creatures
  A gnoll (D:1)
  An adder (D:2)
  An ooze (D:1)
  A dart slug (D:1)
  3 ball pythons (D:1)
  A giant cockroach (D:1)
  6 goblins
  12 hobgoblins
  5 jackals (D:2)
  6 kobolds
  7 bats
  2 frilled lizards (D:1)
  7 rats
53 creatures vanquished.

Vanquished Creatures (others)
  5 goblins (D:2)
5 creatures vanquished.

Grand Total: 58 creatures vanquished

Notes
Turn   | Place    | Note
-------+----------+-------------------------------------------
     0 | D:1      | Infinimo the Ogre Berserker began the quest for the Orb.
     0 | D:1      | Reached XP level 1. HP: 24/24 MP: 1/1
   225 | D:1      | Reached XP level 2. HP: 32/32 MP: 2/2
   505 | D:1      | Reached XP level 3. HP: 27/40 MP: 3/3
   659 | D:1      | Reached ** piety under Trog
  1354 | D:1      | Reached XP level 4. HP: 49/49 MP: 4/4
  1748 | D:2      | Reached skill level 5 in Fighting
  1822 | D:2      | Noticed Sigmund
  2245 | D:3      | Noticed a centaur
  2255 | D:3      | HP: 2/50 [centaur (6)]
  2256 | D:3      | Shot with an arrow by a centaur

Illustrated notes

Levels and vault maps discovered:
D:1:      dpeg_arrival_round_a, layout_loops_corners, minmay_3d_cube
D:2:      layout_basic, overflow_temple_1_default, lemuel_flame_loot_1,
          uniq_jessica, uniq_sigmund, uniq_robin
D:3:      layout_loops_ring, lemuel_round_altar,
          nemelex_xobeh_ov_fountains_minmay,
          nicolae_dithmenos_through_a_glass_darkly, minmay_misc_feat_doors,
          minmay_quantized

Skill      XL: |  1  2  3  4 |
---------------+-------------+-----
Maces & Flails | 3 4 |  4.1
Fighting       | 5 |  5.0
Dodging        | |  2.7

Action                   |  1- 3 |  4- 6 || total
-------------------------+-------+-------++-------
Melee: Mace              |    95 |    63 ||   158
  Use: Scroll            |       |     6 ||     6
       Potion            |       |     5 ||     5
Armor: Animal skin       |    18 |    20 ||    38
Dodge: Dodged            |    53 |    59 ||   112

Table legend: (Time is in decaauts)
 A = Elapsed time spent in this place.
 B = Non-inter-level travel time spent in this place.
 C = Inter-level travel time spent in this place.
 D = Time resting spent in this place.
 E = Time spent auto-exploring this place.
 F = Levels seen in this place.
 G = Mean time per level.
                   A        B        C        D        E       F      G
               +--------+--------+--------+--------+--------+-----+--------+
         Total |   2274 |   2226 |     48 |      7 |   1789 |   3 |  758.0 |
       Dungeon |   2274 |   2226 |     48 |      7 |   1789 |   3 |  758.0 |
               +--------+--------+--------+--------+--------+-----+--------+

Top non-repeatable levels by time:
     D:1: 1690 daAuts
     D:2: 546 daAuts
     D:3: 37 daAuts
